 Dungeon Crawl Stone Soup version 0.31-a0-369-g8eba5f6939 (webtiles) character file.

Game seed: 2544699129429276825

14 shadowstone the Covered (level 2, 0/19 HPs)
             Began as a Gargoyle Fighter on July 28, 2023.
             Slain by an orc
             ... wielding a +0 flail
              (1 damage)
             ... on level 3 of the Dungeon.
             The game lasted 00:02:21 (1080 turns).

shadowstone the Covered (Gargoyle Fighter)          Turns: 1080, Time: 00:02:22

Health: 0/19       AC: 11    Str: 19    XL:     2   Next: 45%
Magic:  2/2        EV:  6    Int:  8    God:
Gold:   25         SH:  4    Dex:  9    Spells: 1/1 levels left

rFire   . . .        g - +0 short sword
rCold   . . .        c - +0 buckler
rNeg    + . .        b - +0 scale mail
rPois   ∞            (no helmet)
rElec   +            (no cloak)
rCorr   .            f - +1 pair of gloves
SInv    .            (no boots)
Will    .....        (no amulet) Stlth
                     (no ring)
HPRegen 0.23/turn    (no ring)
MPRegen 0.08/turn

%: no passive effects
@: constricted
A: sickness immunity, AC +2, negative energy resistance 1, electricity
resistance, torment resistance 1, petrification resistance
a: no special abilities


You were on level 3 of the Dungeon.
You visited 1 branch of the dungeon, and saw 3 of its levels.

You collected 25 gold pieces.

Inventory:

Hand Weapons
 a - a +0 flail
 g - a +0 short sword (weapon)
Armour
 b - a +0 scale mail (worn)
 c - a +0 buckler (worn)
 f - a +1 pair of gloves (worn)
Scrolls
 e - a scroll of torment {unknown}
 h - 2 scrolls of immolation {unknown}
 i - a scroll of teleportation {unknown}
Potions
 d - a potion of might


   Skills:
 + Level 3.4 Fighting
 + Level 0.1 Short Blades
 + Level 2.0 Maces & Flails
 + Level 3.7 Armour
 + Level 3.5 Shields


You had one spell level left.
You didn't know any spells.
Your spell library contained the following spells:

 Spells                   Type           Power      Damage    Failure   Level
 Gell's Gravitas          Tloc           0%         N/A       99%         3
 Teleport Other           Tloc           0%         N/A       99%         3
 Dispersal                Tloc           0%         N/A       100%        6


Dungeon Overview and Level Annotations

Branches:
Dungeon (3/15)

Altars:


Innate Abilities, Weirdness & Mutations

You are immune to sickness and miasma.
Your stone body is resilient. (AC +2)
You are immune to poison.
You resist negative energy. (rN+)
You are resistant to electric shocks. (rElec)
You are resistant to unholy torment.
You are immune to petrification.


Message History

You barely miss the orc priest. The orc closely misses you.
The orc hits you but does no damage. The orc priest barely misses you.
You hit the orc priest but do no damage.
The ball python closely misses you. The ball python grabs you.
The ball python constricts you. The orc barely misses you.
The orc priest mumbles some strange prayers to Beogh against you.
Pain shoots through your body! The orc hits you but does no damage.
You hit the orc priest but do no damage.
The ball python bites you but does no damage.
The ball python constricts you. You block the orc's attack.
The orc priest barely misses you.
You hit the orc priest but do no damage.
The ball python barely misses you. The ball python constricts you.
The orc barely misses you. x2; You block the orc's attack.
The orc priest hits you but does no damage.
The ball python closely misses you. The ball python constricts you.
You hit the orc priest but do no damage.
The orc barely misses you. You block the orc's attack.
The orc priest hits you with a +0 dagger.
You block the orc's attack.
The ball python bites you but does no damage.
The ball python constricts you.
You hit the orc priest but do no damage.
The orc completely misses you. The orc hits you with a +0 hand axe.
The orc hits you but does no damage.
The orc priest calls upon Beogh to heal the orc.
The orc's wounds heal themselves!
The ball python bites you. The ball python constricts you.
You closely miss the orc priest.
The ball python bites you but does no damage.
The ball python constricts you. The orc barely misses you.
The orc priest mumbles some strange prayers to Beogh against you.
Beogh smites you!
Ouch! That really hurt!
* * * LOW HITPOINT WARNING * * *
The orc hits you but does no damage. You block the orc's attack.
You hit the orc priest but do no damage.
The ball python closely misses you. The ball python constricts you.
The orc hits you with a +0 flail.
You die...

.#.#.# [..◎.. !#.#.#
##.!.S.. #..#.#
######..o #.oS##.#
#.@o!..# #.oo#### ##.##
####.##########
#########.............#
#.....<##.###.###.###.##
#.######...............#
#.# #..##.###.###†##...#
#.# ##.#...........#.#.#


You could see an orc priest, 3 orcs and a ball python.

Vanquished Creatures
  A dart slug (D:1)
  An endoplasm (D:1)
  A giant cockroach (D:3)
  A goblin (D:2)
  A hobgoblin (D:3)
  A kobold (D:1)
  2 ball pythons
  2 bats
  2 frilled lizards (D:1)
12 creatures vanquished.

Notes
Turn   | Place    | Note
-------+----------+-------------------------------------------
     0 | D:1      | shadowstone the Gargoyle Fighter began the quest for the
                  | Orb.
     0 | D:1      | Reached XP level 1. HP: 14/14 MP: 1/1
   847 | D:1      | Reached XP level 2. HP: 19/19 MP: 2/2
  1080 | D:3      | Slain by an orc

Illustrated notes

Levels and vault maps discovered:
D:1:      elethiomel_arrival_maze, layout_rooms, minmay_domino_2
D:2:      layout_basic, basic_altar, grunt_ministairs_9,
          minmay_goblin_kobold_house, uniq_robin, uniq_natasha
D:3:      layout_loops_ring, nicolae_gozag_seed_capital, lemuel_crystal_altar,
          ebering_ghost_sewer_f, st_stairs_10, glass_columns_b,
          minmay_crystal_water, nicolae_concentric_dashed_squares_mild,
          eino_tiny_chamber, kennysheep_generic_room_2

Action                     || total
---------------------------++-------
  Melee: Short sword       ||    83
         Flail             ||    15
 Armour: Scale mail        ||    54
  Dodge: Dodged            ||    65
  Block: Buckler           ||    30

Table legend: (Time is in decaauts)
 A = Elapsed time spent in this place.
 B = Non-inter-level travel time spent in this place.
 C = Inter-level travel time spent in this place.
 D = Time resting spent in this place.
 E = Time spent auto-exploring this place.
 F = Levels seen in this place.
 G = Mean time per level.
                   A        B        C        D        E       F      G
               +--------+--------+--------+--------+--------+-----+--------+
         Total |   1087 |   1087 |      0 |    435 |    168 |   3 |  362.3 |
       Dungeon |   1087 |   1087 |      0 |    435 |    168 |   3 |  362.3 |
               +--------+--------+--------+--------+--------+-----+--------+

Top non-repeatable levels by time:
     D:1: 909 daAuts
     D:3: 134 daAuts
     D:2: 43 daAuts
